 Dungeon Crawl Stone Soup version 0.30.1-9-gdf580d7c3d (webtiles) character file.

Game seed: 14834419983582623325

35 pop123321pop the Poker (level 3, -2/33 HPs)
             Began as a Minotaur Berserker on Sept 30, 2023.
             Was a Follower of Trog.
             Slain by a goblin
             ... wielding a +0 dagger
             ... led by Robin
              (4 damage)
             ... on level 2 of the Dungeon.
             The game lasted 00:01:53 (1347 turns).

pop123321pop the Poker (Minotaur Berserker)         Turns: 1347, Time: 00:01:54

Health: -2/33      AC:  2    Str: 21    XL:     3   Next: 16%
Magic:  2/2        EV: 12    Int:  4    God:    Trog [*.....]
Gold:   54         SH:  0    Dex: 11    Spells: 2/2 levels left

rFire   . . .        a - +0 spear
rCold   . . .        (no shield)
rNeg    . . .        b - +0 animal skin
rPois   .            (helmet restricted)
rElec   .            (no cloak)
rCorr   .            (no gloves)
SInv    .            (no boots)
Will    .....        (no amulet)
Stlth   +            (no ring)
HPRegen 0.25/turn    (no ring)
MPRegen 0.08/turn

%: no passive effects
@: on berserk cooldown, slowed, very slow
A: horns 2, retaliatory headbutt
a: Renounce Religion, Berserk


You were on level 2 of the Dungeon.
You worshipped Trog.
Trog was aware of your devotion.
You visited 1 branch of the dungeon, and saw 2 of its levels.

You collected 54 gold pieces.

Inventory:

Hand Weapons
 a - a +0 spear (weapon)
Armour
 b - a +0 animal skin (worn)
Scrolls
 c - a scroll of teleportation {unknown}
 d - a scroll of fog {unknown}
 g - a scroll of magic mapping {unknown}
 h - a scroll of immolation {unknown}
 i - a scroll of identify {unknown}
Potions
 f - a potion of heal wounds {unknown}
 j - 2 potions of magic {unknown}


   Skills:
 - Level 3.8 Fighting
 * Level 4.9 Polearms
 - Level 2.6 Armour
 - Level 2.3 Dodging


You had 2 spell levels left.
You didn't know any spells.
Your spell library was empty.

Dungeon Overview and Level Annotations

Branches:
Dungeon (2/15)

Altars:


Innate Abilities, Weirdness & Mutations

You have a pair of horns on your head.
You reflexively headbutt those who attack you in melee.


Message History

You hit Robin. Your headbutt misses Robin.
Robin is heavily wounded.
Robin barely misses you.
You barely miss Robin. You headbutt Robin.
Robin is severely wounded.
Robin hits you with a +0 spear.
You barely miss Robin. You headbutt Robin.
Robin is almost dead.
Robin hits you with a +0 spear. Robin misses you.
You hit Robin but do no damage.
Robin is almost dead.
A hobgoblin comes into view.
Robin hits you with a +0 spear.
* * * LOW HITPOINT WARNING * * *
The hobgoblin shouts!
You hit Robin.
You kill Robin!
Trog accepts your kill.
You have reached level 3!
Your experience leads to an increase in your attributes!
Increase (S)trength, (I)ntelligence, or (D)exterity?
You feel agile. x2
The hobgoblin hits you.
* * * LOW HITPOINT WARNING * * *
The hobgoblin hits you.
* * * LOW HITPOINT WARNING * * *
Items here: ! )) [[.
You hit the hobgoblin.
The hobgoblin is lightly wounded.
The hobgoblin hits you.
* * * LOW HITPOINT WARNING * * *
You hit the hobgoblin. You headbutt the hobgoblin.
You kill the hobgoblin!
Trog accepts your kill.
A goblin comes into view. It is wielding a +0 dagger.
The goblin shouts!
The goblin hits you with a +0 dagger.
* * * LOW HITPOINT WARNING * * *
You closely miss the goblin. The goblin hits you with a +0 dagger.
You die...

.!..... .... #.
#.#...# #..#
#.##.#...####..##
........... .... #
........ ...#
...#.#...# #J.#
.........####g.##..#
#....)).@.....#
#..#####..#...#
#..#####..# .#
#...........
#.######.##.# ##.#
#.# .# #<.# #.# #
#.........#
#.########


You could see an endoplasm and a goblin.

Vanquished Creatures
  Robin (D:2)
  A dart slug (D:1)
  An endoplasm (D:2)
  7 goblins
  5 hobgoblins
  A kobold (D:1)
  2 bats (D:1)
  A rat (D:1)
19 creatures vanquished.

Notes
Turn   | Place    | Note
-------+----------+-------------------------------------------
     0 | D:1      | pop123321pop the Minotaur Berserker began the quest for the
                  | Orb.
     0 | D:1      | Reached XP level 1. HP: 19/19 MP: 0/0
   628 | D:1      | Reached XP level 2. HP: 19/27 MP: 1/1
  1065 | D:1      | Reached skill level 4 in Polearms
  1325 | D:2      | Noticed Robin
  1341 | D:2      | Killed Robin
  1342 | D:2      | Reached XP level 3. HP: 11/33 MP: 2/2
  1347 | D:2      | Slain by a goblin

Illustrated notes

Levels and vault maps discovered:
D:1:      kilobyte_arrival_exit_the_forest, layout_basic, serial_forest,
          infiniplex_forest_end_1, infiniplex_forest_zigzag_2,
          infiniplex_forest_lined_2, infiniplex_forest_split,
          infiniplex_forest_clump_small
D:2:      layout_basic, serial_shops, nicolae_shop_overgrown_old_shop,
          uniq_jessica, uniq_robin

Skill      XL: |  1  2 |
---------------+-------+-----
Polearms       | 4 |  4.9
Fighting       | |  3.8
Armour         | |  2.6
Dodging        | |  2.3

Action                     || total
---------------------------++-------
  Melee: Spear             ||    67
         Headbutt          ||     7
 Invoke: Berserk           ||     1
    Use: Potion            ||     1
 Armour: Animal skin       ||     7
  Dodge: Dodged            ||    23
